 Dungeon Crawl Stone Soup version 0.28-a0-48-gfd831c5874 (webtiles) character file.

Game seed: 17322735810610240367

51 Spectrina the Sneak (level 3, -3/22 HPs)
             Began as a Deep Elf Delver on July 29, 2021.
             Killed from afar by an orc wizard (6 damage)
             ... with a magic dart
             ... on level 4 of the Dungeon.
             The game lasted 00:07:48 (1058 turns).

Spectrina the Sneak (Deep Elf Delver)               Turns: 1058, Time: 00:07:48

Health: -3/22      AC:  5    Str:  9    XL:     3   Next: 58%
Magic:  0/5        EV: 12    Int: 15    God:
Gold:   48         SH:  0    Dex: 16    Spells: 0/2 levels left

rFire   . . .      SeeInvis .   a - +0 short sword
rCold   . . .      Faith    .   (no shield)
rNeg    . . .      Spirit   .   b - +0 leather armour
rPois   .          Reflect  .   f - +1 hat
rElec   .          Harm     .   h - +0 cloak
rCorr   .          Rampage  .   (no gloves)
Will    .....                   (no boots)
Stlth   ++++......              (no amulet)
HPRegen 0.07/turn               (no ring)
MPRegen 0.09/turn               (no ring)

@: very slightly contaminated
A: no striking features
a: no special abilities


You were on level 4 of the Dungeon.
You visited 1 branch of the dungeon, and saw 5 of its levels.

You collected 48 gold pieces.

Inventory:

Hand Weapons
 a - a +0 short sword (weapon)
Armour
 b - a +0 leather armour (worn)
 f - a +1 hat (worn)
 h - a +0 cloak (worn)
Wands
 g - a wand of digging (3)
Scrolls
 c - a scroll of fog
 d - 2 scrolls of magic mapping
 i - a scroll of teleportation {unknown}


   Skills:
 - Level 2.4 Fighting
 - Level 2.0 Short Blades
 - Level 2.4 Dodging
 - Level 7.5 Stealth
 * Level 0.3 Hexes
 * Level 0.2 Ice Magic


You couldn't memorise any spells.
You knew the following spells:

 Your Spells              Type           Power      Damage    Failure   Level
a - Ensorcelled Hibernat  Hex/Ice        0%         N/A       45%         2

Your spell library contained the following spells:

 Spells                   Type           Power      Damage    Failure   Level
 Spider Form              Tmut/Pois      0%         N/A       75%         3
 Shadow Creatures         Summ           N/A        N/A       100%        6


Dungeon Overview and Level Annotations

Branches:
Dungeon (5/15)
 Temple: D:4-7

Altars:

Shops:
D:5 [

Annotations:
D:3 2 transporters, Zonian's ghost, amateur GnTm


Message History

Something hits you but does no damage.
You hit something but do no damage. Something hits you but does no damage.
You barely miss something.
You hear some strange, mumbled words.
A puff of flame appears from out of thin air!
The puff of flame hits you.
You aren't carrying any potions.
You closely miss something. Something hits you but does no damage.
You miss something. Something hits you.
* * * LOW HITPOINT WARNING * * *
You barely miss something. Something hits you.
* * * LOW HITPOINT WARNING * * *
You closely miss something. Something hits you but does no damage.
You miss something.
You hear some strange, mumbled words.
Something tries to affect you, but you resist.
You hit something. Something completely misses you.
You miss something. Something hits you.
* * * LOW HITPOINT WARNING * * *
You miss something. Something hits you.
* * * LOW HITPOINT WARNING * * *
Your magical contamination has completely faded away.
There is a stone staircase leading down here.
You hear some strange, mumbled words.
Something tries to affect you, but you resist.
You see here a +0 dagger.
An orc wizard appears from thin air!
Reactivating autopickup.
Casting: Ensorcelled Hibernation (extremely dangerous; 45% risk of failure)
Confirm with . or Enter, or press ? or * to list all spells.
The spell is extremely dangerous to cast (45% risk of failure)!
Continue anyway?
Aiming: Ensorcelled Hibernation (extremely dangerous; 45% risk of failure)
Press: ? - help, Shift-Dir - straight line, f/p - orc
Aim: an orc, wielding a +0 whip and wearing a +0 leather armour (lightly wounded, chance to affect: 50%)
You miscast Ensorcelled Hibernation.
You are very lightly contaminated with residual magic.
Nothing appears to happen.
The orc wizard casts a spell at you. The magic dart hits you.
You die...

### ### ##
###.#######.### .##
#######.............#
..##
#.....###..##..######
#..## #..#####.....##
##..####...o.oo.@..##
###>).....########..#
# ##)...### ##.## ###
# #....# ##.## #.# ##
# #...## ##.####.#
#.. # #..## ###
##..#.## #..# ####
####.### ##...###..#
##...#..# ##...#..#
#..####.## ##....#


You could see an orc wizard and 2 orcs.

Vanquished Creatures
  4 adders
  A dart slug (D:4)
  2 orcs (D:4)
  A giant cockroach (D:2)
  2 hobgoblins (D:3)
  A ball python (D:3)
  A bat (D:1)
  A goblin (D:3)
  2 kobolds (D:2)
15 creatures vanquished.

Notes
Turn   | Place    | Note
-------+----------+-------------------------------------------
     0 | D:5      | Spectrina the Deep Elf Delver began the quest for the Orb.
     0 | D:5      | Reached XP level 1. HP: 13/13 MP: 3/3
     4 | D:5      | Found Toakk's Armour Boutique.
    54 | D:3      | Reached XP level 2. HP: 18/18 MP: 4/4
   127 | D:3      | Noticed an ogre
   127 | D:3      | Noticed Zonian's ghost (amateur GnTm)
   128 | D:3      | Found a transporter.
   128 | D:3      | Found a transporter.
   130 | D:3      | Noticed an ogre
   278 | D:2      | Reached skill level 7 in Stealth
   444 | D:2      | Reached XP level 3. HP: 16/22 MP: 5/5
   621 | D:3      | Noticed a water moccasin
   709 | D:3      | Learned a level 2 spell: Ensorcelled Hibernation
  1058 | D:4      | Killed from afar by an orc wizard

Illustrated notes

Levels and vault maps discovered:
D:1:      dpeg_arrival_refuge, layout_basic
D:2:      layout_loops_ring, shapermc_ecumenical_altar_mp_highgroup
D:3:      layout_rooms, gammafunk_ghost_smash, serial_shops,
          nicolae_shop_behind_doors
D:4:      layout_layer_cave
D:5:      layout_basic, serial_shops, shop_statue, grunt_ministairs_12,
          hangedman_glass_teeth, uniq_eustachio

Skill      XL: |  1  2 |
---------------+-------+-----
Stealth        | 7 |  7.5
Fighting       | |  2.4
Short Blades   | |  2.0
Dodging        | |  2.4
Hexes          | |  0.3
Ice Magic      | |  0.2

Action                   || total
-------------------------++-------
Melee: Short sword       ||    89
 Cast: Ensorcelled Hiber ||     2
  Use: Scroll            ||     2
       Potion            ||     1
 Stab: Sleeping          ||     6
       Distracted        ||     1
Armor: Leather armour    ||    19
Dodge: Dodged            ||    56

Table legend: (Time is in decaauts)
 A = Elapsed time spent in this place.
 B = Non-inter-level travel time spent in this place.
 C = Inter-level travel time spent in this place.
 D = Time resting spent in this place.
 E = Time spent auto-exploring this place.
 F = Levels seen in this place.
 G = Mean time per level.
                   A        B        C        D        E       F      G
               +--------+--------+--------+--------+--------+-----+--------+
         Total |   1044 |   1018 |     26 |      0 |      0 |   5 |  208.8 |
       Dungeon |   1044 |   1018 |     26 |      0 |      0 |   5 |  208.8 |
               +--------+--------+--------+--------+--------+-----+--------+

Top non-repeatable levels by time:
     D:2: 366 daAuts
     D:4: 337 daAuts
     D:3: 290 daAuts
     D:1: 36 daAuts
     D:5: 13 daAuts
